 Dungeon Crawl Stone Soup version 0.29-a0-648-g6b26cc9f40 (webtiles) character file.

Game seed: 10965857830750838391

74 Bnni the Skirmisher (level 4, -3/37 HPs)
             Began as a Demonspawn Fighter on June 20, 2022.
             Killed by nerve-wracking pain
             ... invoked by Grinder
              (10 damage)
             ... on level 3 of the Dungeon.
             The game lasted 00:03:32 (2035 turns).

Bnni the Skirmisher (Demonspawn Fighter)            Turns: 2035, Time: 00:03:32

Health: -3/37      AC:  6    Str: 19    XL:     4   Next: 9%
Magic:  4/4        EV:  9    Int:  9    God:
Gold:   73         SH:  4    Dex: 12    Spells: 3/3 levels left

rFire   . . .      SeeInvis .   s - +2 dagger (venom)
rCold   . . .      Faith    .   c - +0 buckler
rNeg    . . .      Spirit   .   b - +0 scale mail
rPois   .          Reflect  .   (no helmet)
rElec   .          Harm     .   (no cloak)
rCorr   .          Rampage  .   (no gloves)
Will    .....                   (no boots)
Stlth   ..........              (no amulet)
HPRegen 0.12/turn               (no ring)
MPRegen 0.09/turn               (no ring)

@: no status effects
A: claws 1, demonic guardian 1, sturdy frame 1
a: no special abilities


You were on level 3 of the Dungeon.
You visited 1 branch of the dungeon, and saw 3 of its levels.

You collected 73 gold pieces.

Inventory:

Hand Weapons
 a - a +0 trident
 s - a +2 dagger of venom (weapon)
Missiles
 f - 2 poisoned darts (quivered)
Armour
 b - a +0 scale mail (worn)
 c - a +0 buckler (worn)
Jewellery
 h - a ring of ice
 p - an amulet of magic regeneration
Wands
 q - a wand of acid (11)
Scrolls
 e - a scroll of identify {unknown}
 i - a scroll of immolation {unknown}
 j - a scroll of torment {unknown}
 n - a scroll of teleportation {unknown}
 o - a scroll of enchant armour {unknown}
 r - a scroll of fear {unknown}
Potions
 d - 2 potions of might
 g - a potion of curing {unknown}
 k - a potion of invisibility {unknown}
 l - a potion of haste {unknown}
 m - a potion of heal wounds {unknown}


   Skills:
 + Level 3.7 Fighting
 * Level 3.4 Polearms
 - Level 2.6 Armour
 - Level 2.6 Shields


You had 3 spell levels left.
You didn't know any spells.
Your spell library contained the following spells:

 Spells                   Type           Power      Damage    Failure   Level
 Magic Dart               Conj           0%         1d3       73%         1
 Searing Ray              Conj           0%         2d4       86%         2
 Fulminant Prism          Conj/Hex       0%         3d6       100%        4
 Blade Hands              Tmut           0%         N/A       100%        5
 Irradiate                Conj/Tmut      0%         3d13      100%        5
 Dragon Form              Tmut           0%         N/A       100%        7


Dungeon Overview and Level Annotations

Branches:
Dungeon (3/15)

Altars:

Annotations:
D:3 Grinder


Innate Abilities, Weirdness & Mutations

You have sharp fingernails.
A weak demonic guardian rushes to your aid.
Your movements are slightly less encumbered by armour. (ER -2)


Message History

The jackal bites you.
You hit Grinder.
Grinder is lightly wounded.
You block the jackal's attack. The jackal closely misses you.
Grinder hits you but does no damage.
You hit Grinder.
Grinder is poisoned.
Grinder is lightly wounded.
You block the jackal's attack.
The jackal bites you but does no damage.
Grinder barely misses you. The jackal closely misses you.
The jackal bites you but does no damage.
You hit Grinder.
Grinder is lightly wounded.
The jackal bites you. x2
Grinder gestures at you. Pain shoots through your body!
You are too injured to fight recklessly!
You are too injured to fight recklessly!
You are too injured to fight recklessly!
You are too injured to fight recklessly!
You hit the jackal but do no damage. The jackal closely misses you.
The jackal bites you. Grinder hits you.
* * * LOW HITPOINT WARNING * * *
The jackal bites you but does no damage. x2
You hit the jackal but do no damage. The jackal bites you.
* * * LOW HITPOINT WARNING * * *
A demonic guardian appears!
The jackal closely misses you. Grinder barely misses you.
The jackal bites you but does no damage.
You hit the jackal.
The jackal is poisoned.
The jackal is severely wounded.
The jackal bites you but does no damage.
Grinder blinks!
The jackal closely misses you. The jackal bites you.
* * * LOW HITPOINT WARNING * * *
You hit the jackal.
You kill the jackal!
The jackal bites you but does no damage.
Grinder gestures at you. Pain shoots through your body!
You die...

..# #.. # ..## ... #.
.(.. #.. ##.###..####
#.. . ........# #..
#.#....##.# #..
#.#...5##.# #..
#.#..§...##.# ##<.
#..$.@..###.## ##...
#..##rh......#####...#
....$...5..†.........#.#
.......##.####.........#
##.$......# #.#########
#......... ...#
#....###.###..# #..#.
#.# ...# #.###..#


You could see Grinder (poisoned), a jackal (ally target), a rat and a friendly
iron imp (summoned).

Vanquished Creatures
  Jessica (D:2)
  An adder (D:2)
  A worm (D:2)
  A dart slug (D:1)
  3 ball pythons
  5 bats
  2 endoplasms
  A giant cockroach (D:2)
  4 goblins
  5 hobgoblins
  3 jackals (D:3)
  A frilled lizard (D:2)
  A kobold (D:2)
  3 rats (D:2)
32 creatures vanquished.

Notes
Turn   | Place    | Note
-------+----------+-------------------------------------------
     0 | D:1      | Bnni the Demonspawn Fighter began the quest for the Orb.
     0 | D:1      | Reached XP level 1. HP: 18/18 MP: 1/1
   238 | D:1      | Gained mutation: Your movements are slightly less
                  | encumbered by armour. (ER -2) [demonic ancestry]
   238 | D:1      | Reached XP level 2. HP: 19/24 MP: 2/2
  1207 | D:2      | Gained mutation: You have sharp fingernails. [demonic
                  | ancestry]
  1207 | D:2      | Reached XP level 3. HP: 24/29 MP: 3/3
  1272 | D:2      | Noticed Jessica
  1276 | D:2      | Killed Jessica
  1668 | D:2      | Gained mutation: A weak demonic guardian rushes to your
                  | aid. [demonic ancestry]
  1668 | D:2      | Reached XP level 4. HP: 35/37 MP: 4/4
  2006 | D:3      | Noticed Grinder
  2018 | D:3      | Paralysed by Grinder for 2 turns
  2035 | D:3      | Killed from afar by Grinder

Illustrated notes

Levels and vault maps discovered:
D:1:      matt_arrival_debris, layout_loops_cross, minmay_tiny_reverse_x
D:2:      layout_basic, chequers_serial_rivers_small_3, uniq_jessica
D:3:      layout_loops_cross, grunt_dithmenos_smoke,
          shapermc_ecumenical_altar_gd, minmay_misc_feat_roman, uniq_grinder

Skill      XL: |  1  2  3 |
---------------+----------+-----
Polearms       | 2 3 |  3.4
Fighting       | |  3.7
Armour         | |  2.6
Shields        | |  2.6

Action                   |  1- 3 |  4- 6 || total
-------------------------+-------+-------++-------
Melee: Trident           |    46 |       ||    46
       Dagger            |    37 |    21 ||    58
Throw: Dart              |       |     1 ||     1
Armor: Scale mail        |    34 |    19 ||    53
Dodge: Dodged            |    15 |    11 ||    26
Block: Buckler           |    18 |     8 ||    26

Table legend: (Time is in decaauts)
 A = Elapsed time spent in this place.
 B = Non-inter-level travel time spent in this place.
 C = Inter-level travel time spent in this place.
 D = Time resting spent in this place.
 E = Time spent auto-exploring this place.
 F = Levels seen in this place.
 G = Mean time per level.
                   A        B        C        D        E       F      G
               +--------+--------+--------+--------+--------+-----+--------+
         Total |   2049 |   2017 |     32 |      0 |   1766 |   3 |  683.0 |
       Dungeon |   2049 |   2017 |     32 |      0 |   1766 |   3 |  683.0 |
               +--------+--------+--------+--------+--------+-----+--------+

Top non-repeatable levels by time:
     D:2: 1198 daAuts
     D:1: 811 daAuts
     D:3: 39 daAuts
